 Dungeon Crawl Stone Soup version 0.20-a0-187-ge5586d949a (webtiles) character file.

17631 KristoblXynda the Cleaver (level 12, -1/102 HPs)
             Began as a Red Draconian Fighter on Nov 23, 2016.
             Was a High Priest of Makhleb.
             Killed by divine providence
             ... invoked by an orc priest
              (13 damage)
             ... on level 2 of the Orcish Mines.
             The game lasted 00:30:48 (13239 turns).

KristoblXynda the Cleaver (Red Draconian Fighter)  Turns: 13239, Time: 00:30:48

Health: -1/102     AC: 12    Str: 19    XL:     12   Next: 20%
Magic:  16/16      EV: 15    Int: 12    God:    Makhleb [*****.]
Gold:   1008       SH:  0    Dex: 18    Spells: 11/11 levels left

rFire  + . .     SeeInvis .     x - +2 broad axe
rCold  . . .     Gourm    .     (armour unavailable)
rNeg   . . .     Faith    .     b - +1 shield
rPois  .         Spirit   .     (helmet restricted)
rElec  .         Reflect  .     j - +1 cloak
rCorr  .         Harm     .     I - +1 pair of gloves
MR     .....                    (no boots)
Stlth  ++........               D - amulet of Ashenzari's Anger {RegenMP Dex+3 Stlth+}
                                u - +2 ring of strength
                                F - +3 ring of dexterity

@: confused, short of breath
A: breathe fire, unfitting armour, fangs 1, fire resistance 1, robust 1, weak 1,
cold-blooded, AC +8
a: Breathe Fire, Minor Destruction, Lesser Servant of Makhleb, Major
Destruction, Greater Servant of Makhleb, Renounce Religion


You were on level 2 of the Orcish Mines.
You worshipped Makhleb.
Makhleb was extremely pleased with you.
You were hungry.

You visited 3 branches of the dungeon, and saw 15 of its levels.
You also visited: Sewer.

You collected 1098 gold pieces.
You spent 90 gold pieces at shops.

Inventory:

Hand Weapons
 x - a +2 broad axe (weapon)
Armour
 b - a +1 shield (worn)
 j - a +1 cloak (worn)
 I - a +1 pair of gloves (worn)
Jewellery
 u - a +2 ring of strength (right hand)
 D - the amulet of Ashenzari's Anger (around neck) {RegenMP Dex+3 Stlth+}
   (You found it on level 6 of the Dungeon)

   [amulet of magic regeneration]

   It increases your magic regeneration.
   It affects your dexterity (+3).
   It makes you more stealthy.
 F - a +3 ring of dexterity (left hand)
Wands
 E - a wand of confusion (31/48)
Scrolls
 a - a scroll of blinking
 e - a scroll of teleportation
 k - a scroll of enchant armour
 n - a scroll of remove curse
 r - 2 scrolls of fog
 w - 3 scrolls of recharging
 y - a scroll of magic mapping
 H - a scroll of immolation
Potions
 c - 3 potions of brilliance
 i - a potion of cure mutation {unknown}
 l - 2 potions of ambrosia
 o - 4 potions of curing
 q - 2 potions of haste {unknown}
 z - 5 potions of flight
 A - a potion of resistance {unknown}
 G - a potion of mutation {unknown}
 K - a potion of berserk rage
Books
 g - a book of Callings

   Spells                             Type                      Level
   a - Summon Small Mammal            Summoning                    1
   b - Call Imp                       Summoning                    2
   c - Call Canine Familiar           Summoning                    3
   d - Summon Guardian Golem          Hexes/Summoning              3
   e - Summon Lightning Spire         Summoning/Air                4
   f - Summon Ice Beast               Ice/Summoning                4
 h - a book of Geomancy

   Spells                             Type                      Level
   a - Sandblast                      Earth                        1
   b - Passwall                       Transmutation/Earth          2
   c - Stone Arrow                    Conjuration/Earth            3
   d - Petrify                        Transmutation/Earth          4
   e - Lee's Rapid Deconstruction     Earth                        5
 p - Sif Muna's Volume of Curses
   (You found it on level 5 of the Dungeon)

   Spells                             Type                      Level
   a - Corona                         Hexes                        1
 s - a book of Minor Magic

   Spells                             Type                      Level
   a - Magic Dart                     Conjuration                  1
   b - Blink                          Translocation                2
   c - Call Imp                       Summoning                    2
   d - Repel Missiles                 Charms/Air                   2
   e - Slow                           Hexes                        2
   f - Conjure Flame                  Conjuration/Fire             3
   g - Mephitic Cloud                 Conjuration/Poison/Air       3
 B - a book of Flames

   Spells                             Type                      Level
   a - Flame Tongue                   Conjuration/Fire             1
   b - Throw Flame                    Conjuration/Fire             2
   c - Conjure Flame                  Conjuration/Fire             3
   d - Inner Flame                    Hexes/Fire                   3
   e - Sticky Flame                   Conjuration/Fire             4
   f - Fireball                       Conjuration/Fire             5
 C - a book of Necromancy

   Spells                             Type                      Level
   a - Pain                           Necromancy                   1
   b - Animate Skeleton               Necromancy                   1
   c - Vampiric Draining              Necromancy                   3
   d - Regeneration                   Charms/Necromancy            3
   e - Animate Dead                   Necromancy                   4
   f - Control Undead                 Necromancy                   4
Comestibles
 d - 10 bread rations
 f - 2 meat rations
 m - 6 chunks of flesh
 t - 2 slices of pizza
 v - 7 fruits


   Skills:
 + Level 4.8 Fighting
 + Level 13.9 Axes
 - Level 5.0 Dodging
 + Level 11.9 Shields
 - Level 6.5 Invocations


You had 11 spell levels left.
You didn't know any spells.

Dungeon Overview and Level Annotations

Branches:
Dungeon (12/15)            Temple (1/1) D:7            Lair (0/6) D:8
    Orc (2/2) D:11            Elf (0/3) Orc:2

Altars:
Ashenzari
Cheibriados
Dithmenos
Elyvilon
Fedhas
Gozag
Hepliaklqana
Kikubaaqudgha
Makhleb
Nemelex Xobeh
Okawaru
Qazlal
Ru
Sif Muna
Trog
Uskayaw
Vehumet
Xom
Yredelemnul
Zin
The Shining One
Beogh

Shops:
D:4 }   D:7 *   D:11 (

Annotations:
D:9 Erica


Innate Abilities, Weirdness & Mutations

You can breathe blasts of fire.
Your fiery red scales are hard. (AC +8)
You cannot fit into any form of body armour.
Your flesh is heat resistant. (rF+)
You are cold-blooded and may be slowed by cold attacks.
You have very sharp teeth.
You are robust. (+10% HP)
You are weak. (Str -2)


Message History

The orc wizard is engulfed in roaring flames.
You kill the orc wizard!
Makhleb accepts your kill.
The orc priest begins to cast a cantrip, but forgets the words!
The orc warrior completely misses you. The orc wizard hits you with a dagger.
* * * LOW HITPOINT WARNING * * *
The orc wizard casts a spell.
The orc wizard flickers and vanishes!
You hit the orc wizard but do no damage.
The orc wizard is severely wounded.
You slash the orc warrior! The orc wizard casts a spell at you.
The magic dart hits you! The orc warrior barely misses you.
You bump into the stone wall.
The orc wizard hits you but does no damage.
The orc warrior hits you with a hand axe!
* * * LOW HITPOINT WARNING * * *
The orc priest invokes the aid of Beogh against you.
Beogh smites you!
You die...

# ### ##.## ##
#...####.## #...#.#...##
...........# ..........##
...#..<.###############
.##............o@oo§{o##
##...###############ooo##
#...## ##..{# #..## .
##.(# #.. .. #..# #. .o.
#.(# # #..o #..# #.. #oo.
#o.# ... #.o#o.#


You could see 2 orc warriors, 2 orc priests, 2 orc wizards and an orc.

Vanquished Creatures
  Fannar (D:10)
  Erolcha (D:9)
  The ghost of KristoblXynda the Cleaver, a journeyman DrFi of Qazlal (D:11)
  2 hill giants
  2 orc sorcerers (Orc:1)
  2 cyclopes
  Maurice (D:9)
  Psyche (D:9)
  The ghost of KristoblXynda the Chopper, a novice DrFi of Qazlal (D:6)
  A komodo dragon (shapeshifter) (D:10)
  4 trolls
  Grinder (D:3)
  2 hippogriffs
  Sigmund (D:2)
  Eustachio (D:4)
  7 yaks
  2 hogs (D:7)
  A human (D:7)
  A hungry ghost (D:10)
  3 vampire mosquitoes (D:11)
  2 wargs (Orc:1)
  Edmund (D:4)
  6 orc warriors
  A porcupine (D:8)
  2 ice beasts
  2 sky beasts
  A phantom (D:8)
  3 black bears
  6 ogres
  9 centaurs
  Blork the orc (D:5)
  A wyvern zombie (D:10)
  13 bullfrogs
  6 scorpions
  46 killer bees (D:9)
  5 wights (D:9)
  3 crimson imps
  5 hounds
  2 jellies
  A quasit (D:11)
  A bullfrog zombie (D:9)
  9 orc priests
  A centaur skeleton (D:10)
  Crazy Yiuf (D:2)
  Jessica (D:3)
  3 iguanas
  Terence (D:3)
  18 orc wizards
  Natasha (thrice) (D:4)
  8 worker ants
  A killer bee zombie (D:10)
  A hound zombie (D:7)
  2 worker ant zombies
  15 adders
  2 river rats (D:5)
  3 shadow imps
  6 oozes
  An adder zombie (D:9)
  2 adder skeletons
  8 worms
  A dart slug (D:3)
  3 leopard geckos
  45 orcs
  6 giant cockroaches
  8 hobgoblins
  18 jackals
  A quokka (D:5)
  8 ball pythons
  13 bats
  7 frilled lizards
  A giant cockroach zombie (D:5)
  6 goblins
  7 kobolds
  A leopard gecko skeleton (D:5)
  A leopard gecko zombie (D:5)
  A quokka zombie (D:8)
  11 rats
  12 fungi (D:8)
  6 plants (D:8)
395 creatures vanquished.

Vanquished Creatures (others)
  23 fungi (D:8)
23 creatures vanquished.

Grand Total: 418 creatures vanquished

Notes
Turn   | Place    | Note
-------+----------+-------------------------------------------
     0 | D:1      | KristoblXynda the Draconian Fighter began the quest for the Orb.
     0 | D:1      | Reached XP level 1. HP: 19/19 MP: 1/1
   276 | D:1      | Reached XP level 2. HP: 26/26 MP: 2/2
   547 | D:1      | Reached skill level 3 in Axes
   815 | D:2      | Reached XP level 3. HP: 31/31 MP: 3/3
  1026 | D:2      | Noticed Sigmund
  1030 | D:2      | Killed Sigmund
  1030 | D:2      | Reached skill level 5 in Axes
  1030 | D:2      | Reached XP level 4. HP: 31/38 MP: 4/4
  1030 | D:2      | Reached XP level 5. HP: 37/45 MP: 5/5
  1148 | D:2      | Found a runed door.
  1640 | D:2      | Noticed Crazy Yiuf
  1643 | D:2      | Killed Crazy Yiuf
  1643 | D:2      | Reached XP level 6. HP: 51/51 MP: 6/6
  1684 | D:3      | Noticed Grinder
  1685 | D:3      | Noticed Terence
  1699 | D:3      | Killed Terence
  1723 | D:3      | Killed Grinder
  1723 | D:3      | Reached skill level 6 in Axes
  1723 | D:3      | Reached skill level 5 in Shields
  1899 | D:3      | Your scales start taking on a fiery red colour.
  1899 | D:3      | Reached XP level 7. HP: 53/57 MP: 7/7
  1899 | D:3      | Gained mutation: Your flesh is heat resistant. (rF+) [Red Draconian growth]
  1933 | D:3      | Noticed Jessica
  1942 | D:3      | Killed Jessica
  2166 | D:4      | Noticed Eustachio
  2209 | D:4      | Noticed Edmund
  2218 | D:4      | Killed Edmund
  2230 | D:4      | Reached skill level 7 in Axes
  2236 | D:4      | Killed Eustachio
  2444 | D:4      | Found Axzarem Loacs's Gadget Shoppe.
  2579 | D:4      | Noticed Natasha
  2596 | D:4      | Killed Natasha
  2647 | D:4      | Reached XP level 8. HP: 36/63 MP: 8/8
  2670 | D:4      | Reached skill level 8 in Axes
  2785 | D:4      | Noticed Natasha
  2793 | D:4      | Killed Natasha
  2858 | D:4      | Noticed Natasha
  2863 | D:4      | Killed Natasha
  3030 | D:5      | Entered Level 5 of the Dungeon
  3149 | D:5      | Found a glowing drain.
  3170 | Sewer    | Entered a sewer
  4238 | D:5      | Gained mutation: You are robust. (+10% HP) [mutagenic meat]
  4239 | D:5      | Gained mutation: You have very sharp teeth. [mutagenic meat]
  4240 | D:5      | Gained mutation: You are weak. (Str -2) [mutagenic meat]
  4266 | D:5      | Noticed Blork the orc
  4280 | D:5      | Killed Blork the orc
  4297 | D:5      | Found a deep blue altar of Sif Muna.
  4315 | D:5      | Reached skill level 9 in Axes
  4871 | D:5      | Identified Sif Muna's Volume of Curses
  4943 | D:6      | Got a steaming zirconium amulet
  4954 | D:6      | Found a snail-covered altar of Cheibriados.
  4954 | D:6      | Found an iron altar of Okawaru.
  4962 | D:6      | Identified the amulet of Ashenzari's Anger {RegenMP Dex+3 Stlth+} (You found it on level 6 of the Dungeon)
  5172 | D:6      | Reached XP level 9. HP: 77/77 MP: 9/9
  5278 | D:6      | Reached skill level 10 in Axes
  5447 | D:6      | Found a shadowy altar of Dithmenos.
  5447 | D:6      | Noticed KristoblXynda's ghost (novice DrFi)
  5481 | D:6      | Killed KristoblXynda's ghost
  5994 | D:7      | Found a staircase to the Ecumenical Temple.
  6007 | Temple   | Entered the Ecumenical Temple
  6181 | Temple   | Became a worshipper of Makhleb the Destroyer
  6202 | D:7      | Found Zin's Purification Station.
  6208 | D:7      | Found a glowing silver altar of Zin.
  6218 | D:7      | Bought a potion of curing for 90 gold pieces
  6314 | D:7      | Found Cerphun's General Store.
  6623 | D:7      | Reached skill level 11 in Axes
  6975 | D:8      | Found a staircase to the Lair.
  6994 | D:8      | Reached * piety under Makhleb
  7000 | D:8      | Reached XP level 10. HP: 47/84 MP: 10/10
  7284 | D:8      | Reached skill level 1 in Invocations
  7798 | D:8      | Reached skill level 12 in Axes
  7903 | D:8      | Found a bloodstained altar of Trog.
  7903 | D:8      | Found a deep blue altar of Sif Muna.
  7903 | D:8      | Noticed a fire crab
  7904 | D:8      | Noticed a cyclops
  7923 | D:8      | Killed a cyclops
  8069 | D:9      | Noticed Erica
  8630 | D:9      | Reached ** piety under Makhleb
  8664 | D:9      | Noticed Maurice
  8757 | D:9      | Reached skill level 5 in Invocations
  8762 | D:9      | Reached skill level 10 in Shields
  8807 | D:9      | Noticed Erolcha
  8815 | D:9      | Noticed Psyche
  8815 | D:9      | Killed Erolcha
  8815 | D:9      | Reached XP level 11. HP: 90/90 MP: 15/15
  8833 | D:9      | Killed Psyche
  8850 | D:9      | Reached *** piety under Makhleb
  8979 | D:9      | Noticed a hill giant
  8988 | D:9      | Killed a hill giant
  9544 | D:9      | Killed Maurice
  9544 | D:9      | Reached skill level 13 in Axes
 10271 | D:10     | Entered Level 10 of the Dungeon
 10278 | D:10     | Found Yqin's Antique Weapon Emporium.
 10613 | D:10     | Reached **** piety under Makhleb
 10637 | D:10     | Noticed Fannar
 10971 | D:10     | Killed Fannar
 11119 | D:10     | Noticed a hill giant
 11133 | D:10     | Killed a hill giant
 11529 | D:11     | Found a staircase to the Orcish Mines.
 11563 | D:11     | Noticed KristoblXynda's ghost (journeyman DrFi)
 11614 | D:11     | Killed KristoblXynda's ghost
 11622 | D:11     | Reached skill level 5 in Dodging
 11997 | D:11     | Found Ydytotre's Weapon Emporium.
 12032 | D:11     | Reached XP level 12. HP: 100/100 MP: 16/16
 12412 | Orc:1    | Entered Level 1 of the Orcish Mines
 12696 | Orc:2    | Entered Level 2 of the Orcish Mines
 12719 | Orc:2    | Found a roughly hewn altar of Beogh.
 12730 | Orc:2    | Found a staircase to the Elven Halls.
 12746 | Orc:1    | Reached ***** piety under Makhleb
 12844 | Orc:2    | Noticed an orc warlord
 13239 | Orc:2    | Killed from afar by an orc priest

Vault maps used:
D:1:      kennysheep_arrival_forest, item_on_display_a
D:2:      uniq_crazy_yiuf_cottage, uniq_sigmund
D:3:      first_bread, minmay_misc_feat_five, uniq_jessica, uniq_grinder,
          uniq_terence
D:4:      serial_shops, shop, uniq_edmund, uniq_natasha, uniq_eustachio
D:5:      led_sif_book, portal_sewer_entry_e, uniq_blork_the_orc
D:6:      gammafunk_temple_overflow_wave,
          nicolae_dithmenos_through_a_glass_darkly
D:7:      zin_purify, serial_shops, nicolae_shop_stone, grunt_livestock
D:8:      due_lair_maze_entry_diamond, jmf_multi_god_temple
D:9:      wad_woods_minihive, serial_bayou_pond_c, uniq_erolcha, uniq_maurice,
          uniq_psyche, uniq_erica
D:10:     serial_shops, nicolae_shop_overgrown_old_shop, uniq_fannar
D:11:     david_orc_2, serial_shops, nicolae_shop_behind_doors
Temple:   nicolae_temple_elliptical
Orc:2:    st_orc_mages, basic_altar, david_defended_altar_orc
Sewer:    sewer_fruit_machine

Skill      XL: |  1  2  3  4  5  6  7  8  9 10 11 12 |
---------------+-------------------------------------+-----
Axes           | 3 5 6 7 9 11 12 13 | 13.9
Shields        | 4 5 6 7 8 10 11 | 11.9
Invocations    | 5 6 |  6.5
Dodging        | 5 |  5.0
Fighting       | 4 |  4.8

Action                   |  1- 3 |  4- 6 |  7- 9 | 10-12 || total
-------------------------+-------+-------+-------+-------++-------
Melee: War axe           |    99 |    82 |   334 |       ||   515
       Tailslap          |     9 |    11 |    57 |   112 ||   189
       Broad axe         |       |       |   139 |   737 ||   876
       Bite              |       |       |    18 |    83 ||   101
 Abil: Breathe Fire      |       |       |    14 |    30 ||    44
Evoke: Wand              |       |       |       |     1 ||     1
  Use: Potion            |     1 |     3 |     4 |    14 ||    22
       Scroll            |       |     7 |    15 |    12 ||    34
 Stab: Sleeping          |       |     2 |     5 |     6 ||    13
       Distracted        |       |       |       |     1 ||     1
  Eat: Chunk             |       |     2 |    10 |     8 ||    20
       Meat ration       |       |     1 |     1 |     1 ||     3
       Royal jelly       |       |       |     2 |       ||     2
       Beef jerky        |       |       |     1 |     1 ||     2
       Pizza             |       |       |       |     6 ||     6
       Fruit             |       |       |       |     2 ||     2
Armor: Skin              |    42 |    33 |   183 |   189 ||   447
Dodge: Dodged            |    55 |    34 |   199 |   281 ||   569
Block: Shield            |    56 |    49 |   325 |   497 ||   927
